AoeStats
← PapaHollski

MegaRandom

506547544Analyzed
4v4 RM · 18d ago on Sep 14, 2026· 48m 34s· 8 players
Game mode
Random Map
Map size
Large (8 player)
Population
200
Speed
Normal
Resources
Standard
Victory
Conquest
Starting age
Dark Age
Ending age
Imperial Age
RankedLock teamsTeams togetherTeam positionsShared explorationLock speedFull tech treeHidden civsTurbo modeCheats
Victory
Defeat
🇺🇸 Hindustanis · United States
892
+26
🇺🇸 Huns · United States
887
+29
🇦🇷 Tupi · Argentina
820
+13
🇺🇸 Mongols · United States
620
+22
🇨🇱 Inca · Chile
814
-16
🇮🇳 Lithuanians · India
762
-14
🇺🇸 Malay · United States
749
-14
🇺🇸 Aztecs · United States
708
-12
GymNASAt
13:26 Feudal Age
13:15 Double-Bit Axe
21:02 Wheelbarrow
25:40 Castle Age
26:17 Bow Saw
25:51 Fishing Lines
27:57 Stone Mining
27:58 Gold Mining
29:41 Squires
29:02 Pikeman
30:56 Town Watch
31:27 Hand Cart
30:59 Loom
35:15 Arson
38:54 Stone Shaft Mining
39:08 Town Patrol
39:16 Fletching
42:15 Bodkin Arrow
42:31 Forging
43:19 Gillnets
43:43 Medium Warships
43:49 Clinker Construction
44:00 Ballistics
43:52 Careening
47:47 Imperial Age
45:56 Iron Casting
45:22 Padded Archer Armor
47:47 Heavy Warships
Nexus
8:19 Loom
11:07 Feudal Age
16:33 Castle Age
18:54 Town Watch
19:46 Wheelbarrow
19:09 Pikeman
26:42 Double-Bit Axe
29:26 Bow Saw
31:36 Ballistics
31:11 Murder Holes
35:33 Imperial Age
33:46 Scale Barding Armor
34:36 Bloodlines
34:27 Husbandry
35:31 Hand Cart
35:27 Squires
35:31 Gold Mining
36:29 Chain Barding Armor
37:53 Conscription
38:49 Forging
Burger King
6:39 Loom
14:13 Feudal Age
16:22 Wheelbarrow
15:35 Double-Bit Axe
15:34 Horse Collar
17:18 Town Watch
20:34 Gold Mining
23:30 Castle Age
21:22 Stone Mining
24:46 Forging
24:37 Scale Mail Armor
25:13 Bow Saw
25:07 Heavy Plow
25:51 Hand Cart
26:46 Iron Casting
29:07 Chain Mail Armor
34:00 Gold Shaft Mining
34:40 Eagle Warrior
35:18 Fletching
35:58 Caravan
37:27 Arson
37:44 Squires
40:28 Imperial Age
40:40 Elite Eagle Warrior
41:40 Pikeman
42:51 Conscription
43:42 Garland Wars
46:56 Plate Mail Armor
CACO
0:40 Loom
13:58 Feudal Age
14:43 Horse Collar
14:52 Double-Bit Axe
18:16 Wheelbarrow
17:32 Champi Runner
20:34 Castle Age
18:43 Gold Mining
20:20 Forging
20:11 Scale Mail Armor
20:03 Fletching
20:14 Padded Archer Armor
20:02 Arson
20:32 Stone Mining
22:14 Pikeman
22:56 Squires
23:47 Bow Saw
26:05 Caravan
26:04 Town Watch
26:40 Heavy Plow
27:49 Crossbowman
30:56 Gold Shaft Mining
31:47 Thumb Ring
33:08 Hand Cart
37:03 Imperial Age
35:00 Bodkin Arrow
36:10 Leather Archer Armor
36:11 Chain Mail Armor
37:10 Iron Casting
37:21 Elite Kamayuk
37:25 Elite Skirmisher
38:31 Arbalester
40:16 Chemistry
39:37 Ballistics
39:14 Murder Holes
39:00 Treadmill Crane
40:06 Conscription
44:39 Blast Furnace
44:28 Plate Mail Armor
HumberV
11:55 Feudal Age
12:34 Double-Bit Axe
12:45 Gold Mining
13:34 Wheelbarrow
24:34 Castle Age
24:08 Scale Barding Armor
24:18 Forging
25:41 Hand Cart
27:14 Bow Saw
27:57 Stone Mining
28:43 Gold Shaft Mining
30:28 Caravan
30:30 Horse Collar
34:38 Padded Archer Armor
34:29 Fletching
37:24 Imperial Age
40:03 Coinage
39:12 Elite Steppe Lancer
40:36 Nomads
43:58 Bodkin Arrow
44:19 Leather Archer Armor
44:44 Banking
45:31 Elite Mangudai
47:30 Capped Ram
PapaHollski
7:39 Loom
9:44 Feudal Age
10:47 Double-Bit Axe
12:58 Horse Collar
16:12 Fletching
18:57 Wheelbarrow
23:17 Castle Age
21:37 Forging
22:35 Bloodlines
23:23 Scale Barding Armor
24:53 Hand Cart
25:03 Husbandry
26:35 Chain Barding Armor
27:58 Iron Casting
29:29 Town Watch
34:51 Imperial Age
32:51 Bodkin Arrow
34:41 Elite Skirmisher
35:28 Town Patrol
37:07 Bow Saw
37:03 Heavy Plow
38:24 Blast Furnace
37:59 Plate Barding Armor
37:26 Bracer
37:27 Padded Archer Armor
40:02 Two-Man Saw
38:39 Heavy Camel Rider
39:50 Ballistics
42:03 Chemistry
41:14 Fortified Wall
41:00 Murder Holes
41:19 Masonry
42:01 Imperial Camel Rider
43:36 Siege Elephant
45:31 Thumb Ring
ViceRival
10:27 Feudal Age
10:50 Horse Collar
10:59 Double-Bit Axe
21:11 Castle Age
20:14 Bloodlines
20:11 Scale Barding Armor
20:51 Gold Mining
20:53 Stone Mining
21:39 Loom
23:47 Chain Barding Armor
24:16 Forging
25:13 Husbandry
27:21 Bow Saw
27:47 Heavy Plow
28:33 Iron Casting
31:06 Gold Shaft Mining
34:22 Imperial Age
32:29 Devotion
34:28 Wheelbarrow
34:32 Cavalier
35:54 Plate Barding Armor
37:22 Two-Man Saw
38:32 Blast Furnace
37:44 Paladin
Bauti
9:12 Loom
20:52 Feudal Age
19:10 Loom
21:03 Feudal Age
24:37 Horse Collar
24:42 Double-Bit Axe
24:49 Double-Bit Axe
25:02 Gold Mining
26:07 Wheelbarrow
25:33 Fishing Lines
28:07 Castle Age
27:40 Padded Archer Armor
27:32 Fletching
27:47 Scale Mail Armor
27:57 Forging
29:36 Squires
29:22 Arson
30:03 Chain Mail Armor
30:48 Caravan
32:54 Iron Casting
34:11 Wheelbarrow
35:15 Bodkin Arrow
35:58 Bow Saw
36:33 Leather Archer Armor
36:35 Heavy Plow
37:15 Gold Shaft Mining
38:12 Gillnets
39:51 Champi Runner
41:04 Hand Cart
40:35 Town Watch
41:29 Champi Warrior
43:09 Town Patrol
47:08 Imperial Age
47:00 Caciques
47:46 Coinage
47:20 Elite Champi Warrior
48:52 Conscription
49:25 Plate Mail Armor
Connection lost

Rejoining the realm…

Still unreachable

The connection could not be restored.

Session expired

The server has moved on; the page needs a fresh start.